 Dungeon Crawl Stone Soup version 0.30-a0-377-g5cb311bc9f (webtiles) character file.

Game seed: 645577776155536170

385 lesbiats the Ruffian (level 6, -3/62 HPs)
             Began as a Troll Fighter on Nov 28, 2022.
             Slain by Duvessa
             ... wielding a +1 short sword of venom
              (9 damage)
             ... on level 5 of the Dungeon.
             The game lasted 00:11:29 (3287 turns).

lesbiats the Ruffian (Troll Fighter)                Turns: 3287, Time: 00:11:29

Health: -3/62      AC:  4    Str: 25    XL:     6   Next: 48%
Magic:  5/5        EV: 12    Int:  6    God:
Gold:   8          SH:  7    Dex:  9    Spells: 5/5 levels left

rFire   + . .      SeeInvis .      - Unarmed
rCold   . . .      Faith    .    b - +0 kite shield
rNeg    . . .      Spirit   .    a - +0 robe
rPois   .          Reflect  .    (helmet restricted)
rElec   .          Harm     .    j - scarf {repulsion}
rCorr   .          Rampage  .    (gloves unavailable)
Will    .....                    (boots unavailable)
Stlth   +.........               f - amulet of the acrobat
HPRegen 1.10/turn                D - ring of protection from fire
MPRegen 0.09/turn                y - +4 ring of evasion

@: lethally poisoned (-3 -> -17), repel missiles
A: large, unfitting armour, claws 3, regeneration 1, shaggy fur 1, tough skin 1
a: no special abilities


You were on level 5 of the Dungeon.
You visited 1 branch of the dungeon, and saw 5 of its levels.

You collected 308 gold pieces.
You spent 300 gold pieces at shops.

Inventory:

Missiles
 B - 3 poisoned darts (quivered)
Armour
 a - a +0 robe (worn)
 b - a +0 kite shield (worn)
 j - a scarf of repulsion (worn)
Jewellery
 f - an amulet of the acrobat (around neck)
 h - a ring of protection from cold
 s - a +6 ring of intelligence
 y - a +4 ring of evasion (right claw)
 D - a ring of protection from fire (left claw)
Scrolls
 d - 3 scrolls of magic mapping
 g - a scroll of immolation {unknown}
 i - a scroll of vulnerability {unknown}
 p - a scroll of amnesia {unknown}
 q - a scroll of noise {unknown}
 r - 3 scrolls of blinking {unknown}
 x - 3 scrolls of teleportation {unknown}
 z - a scroll of enchant weapon {unknown}
 A - a scroll of torment {unknown}
Potions
 c - a potion of might
 e - 2 potions of flight
 k - a potion of resistance
 l - a potion of cancellation {unknown}
 m - 6 potions of brilliance
 n - 4 potions of heal wounds
 t - a potion of haste {unknown}
 u - 4 potions of invisibility
 v - 3 potions of curing
 w - a potion of ambrosia {unknown}


   Skills:
 + Level 3.8 Fighting
 - Level 2.4 Dodging
 + Level 4.2 Shields
 * Level 4.8 Unarmed Combat


You had 5 spell levels left.
You didn't know any spells.
Your spell library contained the following spells:

 Spells                   Type           Power      Damage    Failure   Level
 Slow                     Hex            0%         N/A       75%         1
 Confusing Touch          Hex            0%         N/A       98%         3
 Gell's Gravitas          Tloc           0%         N/A       98%         3
 Lesser Beckoning         Tloc           0%         N/A       98%         3
 Stone Arrow              Conj/Erth      0%         3d7       98%         3
 Teleport Other           Tloc           0%         N/A       98%         3
 Vampiric Draining        Necr           0%         2d6       98%         3
 Animate Armour           Summ/Erth      0%         N/A       100%        4
 Lehudib's Crystal Spear  Conj/Erth      0%         10d2      100%        8


Dungeon Overview and Level Annotations

Branches:
Dungeon (5/15)
 Temple: D:4-7

Altars:

Shops:
D:3 *   D:5 ?(*

Annotations:
D:5 Duvessa


Innate Abilities, Weirdness & Mutations

You are too large for most types of armour.
You have claws for hands.
Your natural rate of healing is unusually fast.
You are covered in fur. (AC +1)
You have tough skin. (AC +1)


Message History

There is a stone staircase leading down here.
You can't go up here!
You climb downwards.
Level annotation: Duvessa You block Duvessa's attack.
The jelly closely misses you.
Duvessa hits you with a +1 short sword of venom!
There is a stone staircase leading up, spattered with blood here.
You barely miss Duvessa. You block Duvessa's attack.
The jelly hits you but does no damage.
You claw Duvessa!
Duvessa is lightly wounded.
Duvessa closely misses you. x2; The jelly barely misses you.
You claw Duvessa!
Duvessa is heavily wounded.
You block Duvessa's attack. The jelly closely misses you.
Duvessa closely misses you.
You scratch Duvessa.
Duvessa is heavily wounded.
The jelly hits you.
You are splashed with acid.
Duvessa barely misses you.
You barely miss Duvessa.
Duvessa is heavily wounded.
Duvessa hits you with a +1 short sword of venom!
The jelly misses you. You block Duvessa's attack.
You claw Duvessa!
Duvessa is severely wounded.
The jelly hits you.
You are splashed with acid!
Duvessa hits you with a +1 short sword of venom!
You are poisoned.
You scratch Duvessa.
Duvessa is severely wounded.
You feel very sick.
Duvessa hits you with a +1 short sword of venom!
* * * LOW HITPOINT WARNING * * *
You are lethally poisoned!
The jelly hits you.
* * * LOW HITPOINT WARNING * * *
You are splashed with acid!
* * * LOW HITPOINT WARNING * * *
Duvessa hits you with a +1 short sword of venom!
You die...

......####'##....#
##'#####......########
#b.e..○°...J..#......#
#.####§####...'b.....# #.# #.#
#..b###...## #.# #.##
#°#####....#
..#########°.........#
..°..#8#§§☼○°...Je..##
..#########.#...@....# ..#
##°## #.#........# ..# #§#
#.+........#
..####☼####..#################
......°°°.....# #...>.......#
..#....#°.....# #...........#
..#....#......# #...........#
..#....#......# #...........#
..#....#......# #..........∩#


You could see Duvessa (berserk) and a jelly.

Vanquished Creatures
  A hound (D:5)
  An orc priest (D:5)
  A gnoll bouda (D:5)
  2 iguanas
  An orc wizard (D:5)
  Robin (D:4)
  10 adders
  5 gnolls (D:5)
  An ufetubus (D:5)
  A worm (D:2)
  7 dart slugs
  5 orcs
  A ball python (D:1)
  4 bats
  5 endoplasms
  4 giant cockroaches (D:2)
  13 goblins
  5 hobgoblins
  4 jackals (D:3)
  5 quokkas
  2 frilled lizards
  3 kobolds
  4 rats
86 creatures vanquished.

Vanquished Creatures (others)
  Dowan (D:5)
1 creature vanquished.

Grand Total: 87 creatures vanquished

Notes
Turn   | Place    | Note
-------+----------+-------------------------------------------
     0 | D:1      | lesbiats the Troll Fighter began the quest for the Orb.
     0 | D:1      | Reached XP level 1. HP: 22/22 MP: 0/0
   140 | D:1      | Reached XP level 2. HP: 29/29 MP: 1/1
   471 | D:2      | Reached XP level 3. HP: 36/36 MP: 2/2
   930 | D:2      | Reached XP level 4. HP: 45/45 MP: 3/3
  2173 | D:3      | Found Xunov's General Store.
  2176 | D:3      | Bought a scroll of identify for 22 gold pieces
  2176 | D:3      | Bought a potion of flight for 33 gold pieces
  2176 | D:3      | Bought a scroll of identify for 22 gold pieces
  2338 | D:4      | Reached XP level 5. HP: 47/53 MP: 4/4
  2531 | D:4      | Noticed Robin
  2556 | D:4      | Killed Robin
  2862 | D:5      | Entered Level 5 of the Dungeon
  2930 | D:5      | Found Oddeori's Weapon Shop.
  2954 | D:5      | Bought 4 poisoned darts for 22 gold pieces
  2980 | D:5      | Reached XP level 6. HP: 57/61 MP: 5/5
  3109 | D:5      | Found Bicuro's Assorted Antiques.
  3117 | D:5      | Bought a scroll of identify for 50 gold pieces
  3117 | D:5      | Bought a jade ring for 125 gold pieces
  3208 | D:5      | Found Bisodu's Magic Scroll Emporium.
  3217 | D:5      | Bought a scroll of identify for 26 gold pieces
  3223 | D:5      | Noticed Dowan
  3225 | D:5      | Noticed Duvessa
  3267 | D:5      | Killed Dowan
  3287 | D:5      | Slain by Duvessa

Illustrated notes

Levels and vault maps discovered:
D:1:      dpeg_arrival_long_road, layout_rooms
D:2:      layout_loops_corners, minmay_tetromino_i4
D:3:      layout_basic, serial_shops, nicolae_shop_behind_doors
D:4:      layout_loops_cross, uniq_robin
D:5:      layout_gridville, vehumet_statue, serial_shops, nicolae_square_shop,
          kennysheep_little_box, shop, shop_statue, lemuel_flamethrower_2,
          uniq_crazy_yiuf_cottage, uniq_ijyb, uniq_duvessa

Skill      XL: |  1  2  3  4  5 |
---------------+----------------+-----
Shields        | 3 4 |  4.2
Fighting       | 3 |  3.8
Unarmed Combat | 3 4 |  4.8
Dodging        | |  2.4

Action                   |  1- 3 |  4- 6 || total
-------------------------+-------+-------++-------
Melee: Unarmed           |    74 |   167 ||   241
Throw: Dart              |       |     3 ||     3
  Use: Scroll            |       |     8 ||     8
 Stab: Sleeping          |       |     1 ||     1
Armor: Robe              |    34 |    32 ||    66
Dodge: Dodged            |    29 |   102 ||   131
Block: Kite shield       |    27 |    74 ||   101

Table legend: (Time is in decaauts)
 A = Elapsed time spent in this place.
 B = Non-inter-level travel time spent in this place.
 C = Inter-level travel time spent in this place.
 D = Time resting spent in this place.
 E = Time spent auto-exploring this place.
 F = Levels seen in this place.
 G = Mean time per level.
                   A        B        C        D        E       F      G
               +--------+--------+--------+--------+--------+-----+--------+
         Total |   3302 |   3156 |    146 |    137 |   2352 |   5 |  660.4 |
       Dungeon |   3302 |   3156 |    146 |    137 |   2352 |   5 |  660.4 |
               +--------+--------+--------+--------+--------+-----+--------+

Top non-repeatable levels by time:
     D:3: 948 daAuts
     D:2: 909 daAuts
     D:4: 616 daAuts
     D:5: 423 daAuts
     D:1: 404 daAuts
